 Dungeon Crawl Stone Soup version 0.24.0-124-g2791043dd8 (webtiles) character file.

Game seed: 11611930406478793245, levelgen mode: deterministic

3398 Curus the Cruncher (level 10, -1/53 HPs)
             Began as a Gargoyle Gladiator on Feb 15, 2020.
             Was a Priest of Okawaru.
             Killed from afar by an orc wizard (3 damage)
             ... with a magic dart
             ... on level 7 of the Dungeon.
             The game lasted 00:50:38 (7277 turns).

Curus the Cruncher (Gargoyle Gladiator)             Turns: 7277, Time: 00:50:39

Health: -1/53      AC: 22    Str: 23    XL:     10   Next: 4%
Magic:  10/10      EV:  7    Int:  9    God:    Okawaru [***...]
Gold:   411        SH:  0    Dex: 16    Spells: 9/9 levels left

rFire    . . .     SeeInvis .   a - +1 quarterstaff
rCold    . . .     Gourm    .   (shield currently unavailable)
rNeg     + + .     Faith    .   w - +0 plate armour
rPois    ∞         Spirit   .   (helmet restricted)
rElec    +         Reflect  .   (no cloak)
rCorr    .         Harm     .   l - +0 pair of gloves
MR       .....                  e - +0 pair of boots
Stlth    ..........             (no amulet)
HPRegen  0.17/turn              p - +3 ring of protection
MPRegen  0.12/turn              v - ring of positive energy

@: mighty
A: horns 1, agile 1, negative energy resistance 1, electricity resistance,
unbreathing, petrification resistance, rot immunity, AC +7
a: Heroism, Renounce Religion


You were on level 7 of the Dungeon.
You worshipped Okawaru.
Okawaru was most pleased with you.
You were not hungry.

You visited 2 branches of the dungeon, and saw 8 of its levels.
You also visited: Sewer.

You collected 411 gold pieces.

Inventory:

Hand Weapons
 a - a +1 quarterstaff (weapon)
Missiles
 d - 2 throwing nets (quivered)
Armour
 b - a +0 leather armour
 c - a +0 helmet
 e - a +0 pair of boots (worn)
 g - the +1 scale mail of the Yeti {rC+ Str+4}
   (You took it off an orc on level 5 of the Dungeon)

   It affects your strength (+4).
   It protects you from cold.
 i - a +0 ring mail
 l - a +0 pair of gloves (worn)
 r - a +0 scale mail
 u - a +0 chain mail
 w - a +0 plate armour (worn)
Jewellery
 h - an uncursed ring of poison resistance
 m - an uncursed ring of positive energy
 p - a +3 ring of protection (left hand)
 t - an uncursed ring of fire
 v - a ring of positive energy (right hand)
 y - an uncursed ring of stealth
 B - a +3 ring of protection
Wands
 s - a wand of polymorph (16)
 x - a wand of random effects (10)
Scrolls
 j - 2 scrolls of teleportation
 k - 6 scrolls of identify
 n - 3 scrolls of magic mapping
 o - a scroll of fear
Potions
 A - a potion of flight
Miscellaneous
 q - a box of beasts
Comestibles
 f - 6 rations


   Skills:
 - Level 2.1 Fighting
 + Level 13.6 Staves
 - Level 1.7 Throwing
 - Level 2.4 Dodging


You had 9 spell levels left.
You didn't know any spells.
Your spell library contained the following spells:

 Spells                   Type           Power        Failure   Level  Hunger
 Beastly Appendage        Tmut           #.....       100%        1    ##.....
 Magic Dart               Conj           #...         100%        1    ##.....
 Searing Ray              Conj           #.....       100%        2    ###....
 Sticks to Snakes         Tmut           #.......     100%        2    ###....
 Dazzling Spray           Conj/Hex       #.....       100%        3    ####...
 Spider Form              Tmut/Pois      #.........   100%        3    ####...
 Force Lance              Conj/Tloc      #.......     100%        4    #####..
 Fulminant Prism          Conj/Hex       #.........   100%        4    #####..
 Ice Form                 Ice/Tmut       #.......     100%        4    #####..
 Iskenderun's Mystic Bla  Conj           #.......     100%        4    #####..
 Blade Hands              Tmut           #.........   100%        5    ######.


Dungeon Overview and Level Annotations

Branches:
Dungeon (7/15)             Temple (1/1) D:4           Sewer (visited)

Altars:
Ashenzari
Kikubaaqudgha
Makhleb
Okawaru
Ru
Trog
Vehumet
Wu Jian
Xom
Yredelemnul
Zin
The Shining One
Beogh


Innate Abilities, Weirdness & Mutations

You are resistant to torment.
Your stone body is resilient. (AC +7)
You are immune to poison.
You resist negative energy. (rN+)
You are resistant to electric shocks. (rElec)
You can survive without breathing.
You are immune to petrification.
You are immune to rotting.
You have a pair of small horns on your head.
You are agile. (Dex +2)


Message History

You kill the orc priest!
Okawaru accepts your kill.
The orc warrior hits you with a +0 flail!
* * * LOW HITPOINT WARNING * * *
You see here 24 stones.
The orc wizard points at you and mumbles some strange words.
You easily resist.
A magic dart appears from out of thin air!
The magic dart hits you!
* * * LOW HITPOINT WARNING * * *
A hippogriff comes into view.
You feel very mighty all of a sudden. The bullfrog closely misses you.
You sock the bullfrog! You headbutt the bullfrog!
You kill the bullfrog!
Okawaru accepts your kill.
You hear some strange, mumbled words.
A magic dart appears from out of thin air!
The magic dart hits you.
You die...

#.......(.##...######..
#....(...(..)..#.......
#............#.........
##.........####...##.#..
..........#.......#.#..
.##......#...#..........
.................#.##...
.
...........###.###.##...
..
.#####@##...#.###....##
.F. ##.####......#...#.
.{.. ##o(o#
#..###.......
..o..###....# #.##
##...... ...oo..#H#..#
#.######.^... #..)#..#
(.#..........
#.........##..........
#..#.###..# #..........
....... #..# #.>........


You could see a hippogriff, an orc warrior and an orc wizard.

Vanquished Creatures
  A troll (D:5)
  Prince Ribbit (D:5)
  Eustachio (D:5)
  The ghost of abdbla the Skirmisher, an amateur DsFi (D:4)
  Edmund (D:6)
  Menkaure (D:6)
  Duvessa (D:5)
  An orc warrior (D:5)
  A phantom (D:5)
  An ice beast (D:7)
  5 ogres
  3 eyes of draining (D:6)
  2 centaurs (D:7)
  6 bullfrogs
  Dowan (D:5)
  A scorpion (D:4)
  A howler monkey (D:5)
  6 orc priests
  3 orc wizards
  2 jellies
  A water moccasin simulacrum (D:4)
  A gnoll shaman (D:6)
  A hound (D:5)
  A bullfrog skeleton (D:6)
  An iguana (D:4)
  A worker ant (D:2)
  A centaur simulacrum (D:4)
  A bullfrog simulacrum (D:4)
  The ghost of astraldaughter the Caller, a weakling MiSu (D:5)
  A hound zombie (D:5)
  7 adders
  5 gnolls (D:6)
  2 shadow imps
  A white imp (D:4)
  2 adder skeletons
  4 worms
  A dart slug (D:1)
  4 leopard geckos
  20 orcs
  5 ball pythons
  7 giant cockroaches
  9 goblins
  8 hobgoblins
  3 quokkas
  14 bats
  9 frilled lizards
  2 gnoll zombies (D:3)
  13 kobolds
  A leopard gecko simulacrum (D:4)
  A leopard gecko skeleton (D:5)
  12 rats
180 creatures vanquished.

Notes
Turn   | Place    | Note
-------+----------+-------------------------------------------
     0 | D:1      | Curus the Gargoyle Gladiator began the quest for the Orb.
     0 | D:1      | Reached XP level 1. HP: 12/12 MP: 1/1
   151 | D:1      | Reached XP level 2. HP: 13/17 MP: 2/2
   420 | D:1      | Reached skill level 4 in Staves
   607 | D:1      | Reached XP level 3. HP: 21/21 MP: 3/3
  1169 | D:2      | Reached XP level 4. HP: 26/26 MP: 4/4
  1170 | D:2      | Reached skill level 5 in Staves
  1746 | D:3      | Found a glowing drain.
  1773 | D:3      | Reached XP level 5. HP: 7/30 MP: 5/5
  1869 | Sewer    | Entered a sewer
  2282 | Sewer    | Reached skill level 6 in Staves
  2284 | Sewer    | Reached XP level 6. HP: 35/35 MP: 6/6
  2595 | D:3      | Found a basalt altar of Yredelemnul.
  2737 | D:4      | Reached skill level 7 in Staves
  2785 | D:4      | Found a shattered altar of Ashenzari.
  2845 | D:4      | Found a staircase to the Ecumenical Temple.
  2854 | Temple   | Entered the Ecumenical Temple
  2879 | Temple   | Became a worshipper of Warmaster Okawaru
  2990 | D:4      | Found a runed translucent gate.
  2991 | D:4      | Found a runed translucent gate.
  2992 | D:4      | Found a runed translucent gate.
  3164 | D:4      | Noticed abdbla's ghost (amateur DsFi)
  3222 | D:4      | Reached XP level 7. HP: 12/40 MP: 7/7
  3818 | D:5      | Entered Level 5 of the Dungeon
  3827 | D:5      | Noticed Duvessa
  3833 | D:5      | Noticed Dowan
  3863 | D:5      | Killed Duvessa
  3863 | D:5      | Reached skill level 8 in Staves
  3873 | D:5      | Killed Dowan
  3885 | D:5      | Noticed a troll
  4262 | D:5      | Noticed Prince Ribbit
  4289 | D:5      | Reached skill level 9 in Staves
  4543 | D:4      | Reached XP level 8. HP: 17/44 MP: 8/8
  4559 | D:4      | Killed abdbla's ghost
  4559 | D:4      | Reached * piety under Okawaru
  4963 | D:5      | Noticed Eustachio
  5141 | D:5      | Killed Eustachio
  5141 | D:5      | Reached skill level 10 in Staves
  5165 | D:5      | Identified the cursed +1 dagger "Ucapniev" {pierce, rN+
                  | Str+3 Dex-5}
  5165 | D:5      | Identified the +1 scale mail of the Yeti {rC+ Str+4}
  5167 | D:5      | Found a runed translucent gate.
  5167 | D:5      | Noticed astraldaughter's ghost (weakling MiSu)
  5168 | D:5      | Found a runed translucent gate.
  5169 | D:5      | Found a runed translucent gate.
  5305 | D:5      | Killed a troll
  5540 | D:5      | Killed Prince Ribbit
  5540 | D:5      | Reached ** piety under Okawaru
  5540 | D:5      | Reached skill level 11 in Staves
  5540 | D:5      | Reached XP level 9. HP: 27/48 MP: 9/9
  5559 | D:5      | Found a roughly hewn altar of Beogh.
  5690 | D:5      | Killed astraldaughter's ghost
  5829 | D:6      | Noticed Menkaure
  6104 | D:6      | Reached skill level 12 in Staves
  6165 | D:6      | Found a bloodstained altar of Trog.
  6287 | D:6      | Found a glowing silver altar of Zin.
  6335 | D:6      | Found a shimmering altar of Xom.
  6431 | D:6      | Killed Menkaure
  6751 | D:6      | Noticed Edmund
  6791 | D:6      | Killed Edmund
  6791 | D:6      | Reached *** piety under Okawaru
  6791 | D:6      | Reached skill level 13 in Staves
  6794 | D:6      | Gained mutation: You have a pair of small horns on your
                  | head. [potion of mutation]
  6794 | D:6      | Gained mutation: You are agile. (Dex +2) [potion of
                  | mutation]
  7089 | D:7      | Found a burning altar of Makhleb.
  7158 | D:7      | Found a shattered altar of Ashenzari.
  7186 | D:7      | Reached XP level 10. HP: 34/53 MP: 10/10
  7207 | D:7      | Found an ornate altar of the Wu Jian Council.
  7273 | D:7      | HP: 2/53 [something/magic dart (8)]
  7277 | D:7      | Killed from afar by an orc wizard

Levels and vault maps discovered:
D:1:      minmay_arrival_jagged, layout_loops_ring,
          chequers_serial_rivers_room_a, serial_park_tiny_2, minmay_pentomino_z2
D:2:      layout_basic
D:3:      layout_rooms, lemuel_zombie_altar_yredelemnul,
          cheibrodos_sewer_entry_bend, st_stairs_5
D:4:      cheibrodos_helix_gallery, layout_layer_cave, kennysheep_mini_moat,
          minmay_temple_entry_junction_2, gammafunk_ghost_icy
D:5:      layout_cave_pools, first_ration, biasface_ghost_orc_armoury,
          uniq_prince_ribbit1, uniq_eustachio, uniq_duvessa
D:6:      layout_cave_pods, xom_butterflies, zin_academy, st_stairs_9,
          trog_eyes_of_draining, uniq_menkaure, uniq_edmund
D:7:      layout_rooms, chequers_temple_overflow_statue_of_worship,
          overflow_temple_1_default, lemuel_round_altar,
          nicolae_ashenzari_panopticon
Temple:   compressed_dpeg_circular_temple

Skill      XL: |  1  2  3  4  5  6  7  8  9 |
---------------+----------------------------+-----
Staves         | 4 5 6 7 9 11 13 | 13.6
Fighting       | |  2.1
Throwing       | |  1.7
Dodging        | |  2.4

Action                   |  1- 3 |  4- 6 |  7- 9 | 10-12 || total
-------------------------+-------+-------+-------+-------++-------
Melee: Quarterstaff      |   152 |   186 |   421 |    11 ||   770
       Headbutt          |       |       |    10 |     2 ||    12
Throw: Throwing net      |       |     1 |     1 |       ||     2
Evoke: Wand              |       |       |     1 |       ||     1
  Use: Potion            |     3 |       |     4 |     1 ||     8
       Scroll            |     3 |     1 |     3 |       ||     7
  Eat: Chunk             |       |     8 |     4 |       ||    12
       Ration            |       |       |     3 |       ||     3
Armor: Leather armour    |    53 |       |       |       ||    53
       Ring mail         |    28 |    89 |       |       ||   117
       Scale mail        |       |     5 |   134 |       ||   139
       Chain mail        |       |       |    58 |       ||    58
       Plate armour      |       |       |    64 |       ||    64
Dodge: Dodged            |   116 |    99 |   187 |     2 ||   404
